3A
DELAWARE 1787 BC @ CONNETQUOT CHIEFS
09/02/2027
 
TOP OF THE 1ST
Delaware 1787 BC batting - Pitching for Connetquot Chiefs : RHP WyDale Curry
Pitching: RHP WyDale Curry
Batting: LHB Juan Ledezma 0-0: Ground out 4-3 (Groundball, 34)
Batting: RHB Toyozo Yamasaki 0-0: Called Strike
0-1: Swinging Strike
0-2: Strikes out swinging
Batting: RHB David Wooderson 0-0: Swinging Strike
0-1: Ball
1-1: Ball
2-1: SINGLE (Line Drive, 9S)
Batting: RHB Phil Moore 0-0: Ball
Throwing error on steal attempt, E2
David Wooderson to third
1-0: Called Strike
1-1: Foul Ball, location: 2F
1-2: Foul Ball, location: 2F
1-2: SINGLE (Line Drive, 8RS)
David Wooderson scores
Batting: RHB Dam Son 0-0: Ball
Wild Pitch!
Phil Moore to second
1-0: Called Strike
1-1: Ball
2-1: Ball
3-1: Swinging Strike
3-2: Foul Ball, location: 2F
3-2: Base on Balls
Batting: LHB Ward Wilberfoss 0-0: Foul Ball, location: 2F
0-1: Called Strike
0-2: Fly out, F5 (Popup, 5L)
Top of the 1st over - 1 run(s), 2 hit(s), 1 error(s), 2 left on base; Delaware 1 - Connetquot 0
BOTTOM OF THE 1ST
Connetquot Chiefs batting - Pitching for Delaware 1787 BC : LHP Will Hoffman
Pitching: LHP Will Hoffman
Batting: RHB Steve Orwig 0-0: Ball
1-0: Called Strike
1-1: Called Strike
1-2: Ball
2-2: Ball
3-2: Strikes out swinging
Batting: RHB Enrique García 0-0: Ball
1-0: Swinging Strike
1-1: Fly out, F7 (Flyball, 7)
Batting: RHB Creed Bratton 0-0: Ball
1-0: Ground out 6-3 (Groundball, 6M)
Bottom of the 1st over - 0 run(s), 0 hit(s), 0 error(s), 0 left on base; Delaware 1 - Connetquot 0
TOP OF THE 2ND
Delaware 1787 BC batting - Pitching for Connetquot Chiefs : RHP WyDale Curry
Batting: SHB Chris Hansen 0-0: Called Strike
0-1: Called Strike
0-2: Strikes out swinging
Batting: RHB Randy Sheffield 0-0: Ball
1-0: Ball
2-0: Swinging Strike
2-1: Foul Ball, location: 2F
2-2: Strikes out swinging, 2-3 out at first.
Batting: LHB Donovan Inman 0-0: Ball
1-0: Ball
2-0: Fly out, F8 (Flyball, 8RM)
Top of the 2nd over - 0 run(s), 0 hit(s), 0 error(s), 0 left on base; Delaware 1 - Connetquot 0
BOTTOM OF THE 2ND
Connetquot Chiefs batting - Pitching for Delaware 1787 BC : LHP Will Hoffman
Batting: RHB Felipe Córdova 0-0: Called Strike
0-1: Ground out 4-3 (Groundball, 4)
Batting: RHB Carlos Flores 0-0: Called Strike
0-1: Ball
1-1: Foul Ball, location: 2F
1-2: Foul Ball, location: 2F
1-2: Ball
2-2: Fly out, F8 (Flyball, 8RD)
Batting: RHB Peter Geib 0-0: Called Strike
0-1: Fly out, F5 (Popup, 5L)
Bottom of the 2nd over - 0 run(s), 0 hit(s), 0 error(s), 0 left on base; Delaware 1 - Connetquot 0
TOP OF THE 3RD
Delaware 1787 BC batting - Pitching for Connetquot Chiefs : RHP WyDale Curry
Batting: LHB Juan Ledezma 0-0: Ball
1-0: Fly out, F7 (Flyball, 7LM)
Batting: RHB Toyozo Yamasaki 0-0: Ball
1-0: SINGLE (Line Drive, 6MD)
Batting: RHB David Wooderson 0-0: Ball
1-0: Ball
2-0: Ball
3-0: Called Strike
3-1: Foul Ball, location: 2F
3-2: Foul Ball, location: 2F
3-2: Foul Ball, location: 2F
3-2: TRIPLE (Line Drive, 9LS)
Toyozo Yamasaki scores
Batting: RHB Phil Moore 0-0: Ball
1-0: Foul Ball, location: 2F
1-1: Swinging Strike
1-2: Ball
2-2: Ball
3-2: Foul Ball, location: 2F
3-2: Base on Balls
Batting: RHB Dam Son 0-0: Ball
1-0: Called Strike
1-1: Foul Ball, location: 2F
1-2: Ball
2-2: DOUBLE (Flyball, 78M)
David Wooderson scores
Phil Moore to third
Batting: LHB Ward Wilberfoss 0-0: Ball
1-0: Called Strike
1-1: Swinging Strike
1-2: Ball
Wild Pitch!
Phil Moore scores
Dam Son to third
2-2: Strikes out swinging
Batting: SHB Chris Hansen 0-0: Called Strike
0-1: Foul Ball, location: 2F
0-2: Foul Ball, location: 2F
0-2: Ball
1-2: Ball
2-2: Foul Ball, location: 2F
2-2: Foul Ball, location: 2F
2-2: Ground out 4-3 (Groundball, 4)
Top of the 3rd over - 3 run(s), 3 hit(s), 0 error(s), 1 left on base; Delaware 4 - Connetquot 0
BOTTOM OF THE 3RD
Connetquot Chiefs batting - Pitching for Delaware 1787 BC : LHP Will Hoffman
Batting: RHB Cristián Ramírez 0-0: Swinging Strike
0-1: Foul Ball, location: 2F
0-2: Foul Ball, location: 2F
0-2: Ball
1-2: Ball
2-2: Ball
3-2: Strikes out swinging
Batting: RHB Gioacchino Basaglia 0-0: Called Strike
0-1: Called Strike
0-2: Strikes out swinging
Batting: RHB Jim Unknown 0-0: Ball
1-0: Foul Ball, location: 2F
1-1: Fly out, F8 (Flyball, 8RS)
Bottom of the 3rd over - 0 run(s), 0 hit(s), 0 error(s), 0 left on base; Delaware 4 - Connetquot 0
TOP OF THE 4TH
Delaware 1787 BC batting - Pitching for Connetquot Chiefs : RHP WyDale Curry
Batting: RHB Randy Sheffield 0-0: Ball
1-0: Called Strike
1-1: Ball
2-1: Swinging Strike
2-2: Ball
3-2: Base on Balls
Batting: LHB Donovan Inman 0-0: Called Strike
0-1: Ball
1-1: Fielders Choice at 2nd, 4-6 (Groundball, 4)
Batting: LHB Juan Ledezma 0-0: Ball
1-0: Called Strike
1-1: Ball
2-1: Ball
3-1: Fly out, F7 (Flyball, 7LD)
Batting: RHB Toyozo Yamasaki 0-0: Called Strike
0-1: Foul Ball, location: 2F
0-2: Fly out, F4 (Popup, 3D)
Top of the 4th over - 0 run(s), 0 hit(s), 0 error(s), 1 left on base; Delaware 4 - Connetquot 0
BOTTOM OF THE 4TH
Connetquot Chiefs batting - Pitching for Delaware 1787 BC : LHP Will Hoffman
Batting: RHB Steve Orwig 0-0: Called Strike
0-1: Ball
1-1: Ball
2-1: Swinging Strike
2-2: Strikes out looking
Batting: RHB Enrique García 0-0: Called Strike
0-1: Ball
1-1: Called Strike
1-2: SINGLE (Flyball, 34D)
Batting: RHB Creed Bratton 0-0: Ball
Wild Pitch!
Enrique García to second
1-0: Ball
2-0: Called Strike
2-1: Ball
3-1: Fly out, F8 (Flyball, 8RM)
Batting: RHB Felipe Córdova 0-0: Foul Ball, location: 2F
0-1: Swinging Strike
0-2: Ball
1-2: Foul Ball, location: 2F
1-2: Ball
2-2: Ball
3-2: Ground out 2-3 (Groundball, 15S)
Bottom of the 4th over - 0 run(s), 1 hit(s), 0 error(s), 1 left on base; Delaware 4 - Connetquot 0
TOP OF THE 5TH
Delaware 1787 BC batting - Pitching for Connetquot Chiefs : RHP WyDale Curry
Batting: RHB David Wooderson 0-0: Called Strike
0-1: Swinging Strike
0-2: Ball
1-2: Ball
2-2: Ball
3-2: Base on Balls
Batting: RHB Phil Moore 0-0: Called Strike
0-1: Called Strike
0-2: Ball
1-2: Ball
2-2: Foul Ball, location: 2F
2-2: Fly out, F7 (Flyball, 7LM)
Batting: RHB Dam Son 0-0: Called Strike
0-1: Foul Ball, location: 2F
0-2: Foul Ball, location: 2F
0-2: Grounds into double play, 6-4-3 (Groundball, 6)
Top of the 5th over - 0 run(s), 0 hit(s), 0 error(s), 0 left on base; Delaware 4 - Connetquot 0
BOTTOM OF THE 5TH
Connetquot Chiefs batting - Pitching for Delaware 1787 BC : LHP Will Hoffman
Batting: RHB Carlos Flores 0-0: Called Strike
0-1: Ball
1-1: Foul Ball, location: 2F
1-2: Fly out, F2 (Popup, 25)
Batting: RHB Peter Geib 0-0: Ball
1-0: Ball
2-0: Called Strike
2-1: Foul Ball, location: 2F
2-2: Foul Ball, location: 2F
2-2: Ball
3-2: Strikes out looking
Batting: RHB Cristián Ramírez 0-0: Called Strike
0-1: Swinging Strike
0-2: Fly out, F9 (Flyball, 9S)
Bottom of the 5th over - 0 run(s), 0 hit(s), 0 error(s), 0 left on base; Delaware 4 - Connetquot 0
TOP OF THE 6TH
Delaware 1787 BC batting - Pitching for Connetquot Chiefs : RHP WyDale Curry
Batting: LHB Ward Wilberfoss 0-0: Ball
1-0: Swinging Strike
1-1: Called Strike
1-2: Ball
2-2: Foul Ball, location: 2F
2-2: Ball
3-2: Foul Ball, location: 2F
3-2: Ground out 4-3 (Groundball, 4)
Batting: SHB Chris Hansen 0-0: Called Strike
0-1: Ball
1-1: Foul Ball, location: 2F
1-2: Fly out, F7 (Flyball, 7S)
Batting: RHB Randy Sheffield 0-0: Foul Ball, location: 2F
0-1: SINGLE (Flyball, 8RS)
Pitching: RHP Francisco Sánchez
Batting: LHB Donovan Inman 0-0: Ground out 5-3 (Groundball, 25)
Top of the 6th over - 0 run(s), 1 hit(s), 0 error(s), 1 left on base; Delaware 4 - Connetquot 0
BOTTOM OF THE 6TH
Connetquot Chiefs batting - Pitching for Delaware 1787 BC : LHP Will Hoffman
Batting: RHB Gioacchino Basaglia 0-0: Ball
1-0: Called Strike
1-1: Ball
2-1: Ball
3-1: DOUBLE (Line Drive, 78D)
Batting: RHB Jim Unknown 0-0: Ball
1-0: Ball
2-0: Fly out, F2 (Popup, 2L)
Batting: RHB Steve Orwig 0-0: Fly out, F7 (Flyball, 7S)
Batting: RHB Enrique García 0-0: SINGLE (Line Drive, 3)
Gioacchino Basaglia to third
Batting: RHB Creed Bratton 0-0: Called Strike
0-1: DOUBLE (Line Drive, 89M)
Gioacchino Basaglia scores
Enrique García to third
Batting: RHB Felipe Córdova 0-0: Called Strike
0-1: Ball
1-1: Fly out, F9 (Flyball, 9)
Bottom of the 6th over - 1 run(s), 3 hit(s), 0 error(s), 2 left on base; Delaware 4 - Connetquot 1
TOP OF THE 7TH
Delaware 1787 BC batting - Pitching for Connetquot Chiefs : RHP Francisco Sánchez
Batting: LHB Juan Ledezma 0-0: Called Strike
0-1: Called Strike
0-2: Ball
1-2: Ball
2-2: Foul Ball, location: 2F
2-2: Ball
3-2: Base on Balls
Batting: RHB Toyozo Yamasaki 0-0: Ball
Passed Ball!
Juan Ledezma to second
1-0: Ball
2-0: Ball
3-0: Called Strike
3-1: Foul Ball, location: 2F
3-2: SINGLE (Line Drive, 6MD)
Juan Ledezma to third
Batting: RHB David Wooderson 0-0: Ball
Toyozo Yamasaki is caught stealing 2nd base
1-0: Fly out, F9 (Line Drive, 9)
Runner from 3rd tags up, SCORES, no throw
Batting: RHB Phil Moore 0-0: Called Strike
0-1: Called Strike
0-2: Foul Ball, location: 2F
0-2: Ball
1-2: Ball
2-2: Ball
3-2: DOUBLE (Line Drive, 8RD)
Batting: RHB Dam Son 0-0: Ball
1-0: Ball
2-0: Ball
3-0: Called Strike
3-1: Foul Ball, location: 2F
3-2: Foul Ball, location: 2F
3-2: Base on Balls
Batting: LHB Ward Wilberfoss 0-0: Called Strike
0-1: Ball
1-1: Fielders Choice at 2nd, 6-4 (Groundball, 6)
Top of the 7th over - 1 run(s), 2 hit(s), 0 error(s), 1 left on base; Delaware 5 - Connetquot 1
BOTTOM OF THE 7TH
Connetquot Chiefs batting - Pitching for Delaware 1787 BC : LHP Will Hoffman
Batting: RHB Carlos Flores 0-0: Called Strike
0-1: Foul Ball, location: 2F
0-2: Fly out, F4 (Popup, 4D)
Batting: RHB Peter Geib 0-0: Called Strike
0-1: Ball
1-1: Ground out 5-3 (Groundball, 56)
Batting: RHB Cristián Ramírez 0-0: Called Strike
0-1: Ball
1-1: Ground out 4-3 (Groundball, 4M)
Bottom of the 7th over - 0 run(s), 0 hit(s), 0 error(s), 0 left on base; Delaware 5 - Connetquot 1
TOP OF THE 8TH
Delaware 1787 BC batting - Pitching for Connetquot Chiefs : RHP Francisco Sánchez
Batting: SHB Chris Hansen 0-0: Called Strike
0-1: Swinging Strike
0-2: Foul Ball, location: 2F
0-2: Strikes out swinging
Batting: RHB Randy Sheffield 0-0: Ball
1-0: Ball
2-0: Ball
3-0: Base on Balls
Batting: LHB Donovan Inman 0-0: Called Strike
0-1: Grounds into double play, 4-6-3 (Groundball, 4)
Top of the 8th over - 0 run(s), 0 hit(s), 0 error(s), 0 left on base; Delaware 5 - Connetquot 1
BOTTOM OF THE 8TH
Connetquot Chiefs batting - Pitching for Delaware 1787 BC : LHP Will Hoffman
Batting: RHB Gioacchino Basaglia 0-0: Ball
1-0: Foul Ball, location: 2F
1-1: Swinging Strike
1-2: Ball
2-2: Fly out, F9 (Flyball, 89M)
Batting: RHB Jim Unknown 0-0: Ball
1-0: Called Strike
1-1: Foul Ball, location: 2F
1-2: DOUBLE (Line Drive, 8LXD)
Batting: RHB Steve Orwig 0-0: SINGLE (Line Drive, 34D)
Jim Unknown to third
Runner from 3rd tries for Home, SAFE, throw made home
Steve Orwig to second
Batting: RHB Enrique García 0-0: Ball
1-0: Ball
2-0: Swinging Strike
2-1: Foul Ball, location: 2F
2-2: Ball
3-2: Foul Ball, location: 2F
3-2: Foul Ball, location: 2F
3-2: SINGLE (Groundball, 6MD)
Steve Orwig to third
Batting: RHB Creed Bratton 0-0: Called Strike
0-1: Ground out U3 (Groundball, 34)
Steve Orwig scores
Enrique García to second
Batting: RHB Felipe Córdova 0-0: Called Strike
0-1: SINGLE (Line Drive, 34D)
Enrique García to third
Batting: RHB Carlos Flores 0-0: Ball
1-0: Foul Ball, location: 2F
1-1: Called Strike
1-2: Strikes out swinging
Bottom of the 8th over - 2 run(s), 4 hit(s), 0 error(s), 2 left on base; Delaware 5 - Connetquot 3
TOP OF THE 9TH
Delaware 1787 BC batting - Pitching for Connetquot Chiefs : RHP Francisco Sánchez
Pitching: LHP Ryan York
Batting: LHB Juan Ledezma 0-0: SINGLE (Flyball, 8RS)
Pitching: LHP Jim Unknown
Batting: RHB Toyozo Yamasaki 0-0: Ball
1-0: Bunt missed!
1-1: Sac Bunt - play at first, batter OUT! 4-3
Juan Ledezma to second
Batting: RHB David Wooderson 0-0: Called Strike
0-1: Foul Ball, location: 2F
0-2: Ball
1-2: Ground out 6-3 (Groundball, 6)
Juan Ledezma to third
Batting: RHB Phil Moore 0-0: Ball
1-0: Ball
2-0: Ball
3-0: Base on Balls
Batting: RHB Dam Son 0-0: Called Strike
0-1: Ball
1-1: Fly out, F8 (Flyball, 8RM)
Top of the 9th over - 0 run(s), 1 hit(s), 0 error(s), 2 left on base; Delaware 5 - Connetquot 3
BOTTOM OF THE 9TH
Connetquot Chiefs batting - Pitching for Delaware 1787 BC : LHP Will Hoffman
Pitching: LHP Doppo Omikado
Batting: RHB Peter Geib 0-0: Called Strike
0-1: Foul Ball, location: 2F
0-2: Foul Ball, location: 2F
0-2: Foul Ball, location: 2F
0-2: Foul Ball, location: 2F
0-2: Ball
1-2: Strikes out swinging
Batting: RHB Cristián Ramírez 0-0: Ball
1-0: Called Strike
1-1: Foul Ball, location: 2F
1-2: Strikes out looking
Batting: RHB Gioacchino Basaglia 0-0: Ball
1-0: Foul Ball, location: 2F
1-1: Foul Ball, location: 2F
1-2: Strikes out looking
Bottom of the 9th over - 0 run(s), 0 hit(s), 0 error(s), 0 left on base; Delaware 5 - Connetquot 3
Saturday, May 26th, 2018 - OOTP Baseball 17.12 Build 75